 Dungeon Crawl Stone Soup version 0.25-a0-365-g7600c65aa0 (webtiles) character file.

Game seed: 16466402109074414553, levelgen mode: deterministic

231264 MrRokkomies the Spry (level 18, -5/93 HPs)
             Began as a Spriggan Enchanter on Jan 3, 2020.
             Was an Initiate of Gozag.
             Killed by the raging water
             ... invoked by a water nymph
              (29 damage)
             ... on level 4 of the Shoals on Jan 5, 2020.
             The game lasted 03:56:49 (60418 turns).

MrRokkomies the Spry (Spriggan Enchanter)          Turns: 60418, Time: 03:56:49

Health: -5/93      AC:  9    Str: 12    XL:     18   Next: 78%
Magic:  32/33      EV: 31    Int: 23    God:    Gozag
Gold:   4026       SH: 13    Dex: 17    Spells: 2/37 levels left

rFire    + . .     SeeInvis +   a - +8 short sword of Queneump {speed, Str+4 Int+3}
rCold    + + +     Gourm    .   f - +0 buckler {rPois}
rNeg     . . .     Faith    .   x - +4 skin of Zhor {Hibernate rC+++ SInv}
rPois    +         Spirit   .   (helmet restricted)
rElec    .         Reflect  +   W - +2 cloak
rCorr    .         Harm     .   (gloves unavailable)
MR       ++++.                  (boots unavailable)
Stlth    ++++++....             O - +5 amulet of reflection
HPRegen  0.25/turn              v - ring of protection from magic
MPRegen  0.23/turn              J - ring of protection from fire

@: confusing touch, gold aura, flying, very quick
A: very small, unfitting armour, see invisible, herbivore, speed 3, slow
metabolism 2
}: 1/15 runes: serpentine
a: Potion Petition, Call Merchant, Bribe Branch, Renounce Religion


You were on level 4 of the Shoals.
You worshipped Gozag.
Gozag was most pleased with you.
You were not hungry.

You visited 6 branches of the dungeon, and saw 32 of its levels.
You also visited: Ice Cave.

You collected 13713 gold pieces.
You spent 5596 gold pieces at shops.
You paid 4091 gold pieces to Gozag.

Inventory:

Hand Weapons
 a - the +8 short sword of Queneump (weapon) {speed, Str+4 Int+3}
   (You bought it in a shop on level 13 of the Dungeon)

   Attacks with this weapon are significantly faster.
   It affects your strength (+4).
   It affects your intelligence (+3).
 b - the +7 hunting sling "Guocuum" {speed, rElec rF+ MR- Stlth+}
   (You bought it in a shop on level 10 of the Dungeon)

   Attacks with this weapon are significantly faster.
   It protects you from fire.
   It insulates you from electricity.
   It affects your resistance to hostile enchantments.
   It makes you more stealthy.
Missiles
 e - 759 stones
 D - 9 throwing nets
 E - 82 poisoned darts (quivered)
 H - 445 arrows
 Q - 315 sling bullets
Armour
 f - a +0 buckler of poison resistance (worn)
 x - the +4 skin of Zhor (worn) {Hibernate rC+++ SInv}
   (You bought it in a shop on level 8 of the Dungeon)

   It renders you almost immune to cold.
   It lets you see invisible.
 M - +0 fire dragon scales
 T - a scarf of cloud immunity
 W - a +2 cloak (worn)
Jewellery
 v - a ring of protection from magic (left hand)
 G - an uncursed amulet of the acrobat
 I - an uncursed ring of fire
 J - a ring of protection from fire (right hand)
 K - an uncursed ring of poison resistance
 O - a +5 amulet of reflection (around neck)
Wands
 g - a wand of paralysis (21)
 r - a wand of disintegration (12)
 s - a wand of polymorph (14)
 A - a wand of enslavement (8)
 B - a wand of scattershot (2)
 L - a wand of acid (2)
 S - a wand of iceblast (17)
 Z - a wand of digging (9)
Scrolls
 i - 9 scrolls of identify
 k - 5 scrolls of teleportation
 l - 15 scrolls of remove curse
 n - 3 scrolls of enchant armour
 q - 2 scrolls of immolation
 y - 3 scrolls of vulnerability
 F - 2 scrolls of enchant weapon
 N - 3 scrolls of fog
 P - 3 scrolls of blinking
 X - a scroll of silence
Potions
 c - 10 potions of curing
 h - 7 potions of agility
 j - 3 potions of flight
 m - 7 potions of haste
 o - 3 potions of invisibility
 p - 2 potions of brilliance
 u - a potion of might
 z - 4 potions of lignification
 C - 2 potions of ambrosia
 R - 2 potions of heal wounds
 U - 3 potions of berserk rage
 Y - 2 potions of cancellation
Miscellaneous
 t - a lamp of fire
 w - 2 phantom mirrors
 V - a fan of gales
Comestibles
 d - 24 rations


   Skills:
 + Level 10.0 Fighting
 - Level 12.0 Short Blades
 - Level 12.0 Slings
 - Level 15.0 Dodging
 - Level 15.0 Stealth
 - Level 7.2 Shields
 - Level 10.0 Spellcasting
 * Level 7.4 Conjurations
 - Level 12.0 Hexes
 - Level 5.1 Charms
 - Level 14.0 Transmutations
 - Level 1.7 Ice Magic
 - Level 5.0 Air Magic
 * Level 10.8 Earth Magic
 - Level 10.1 Evocations


You had 2 spell levels left.
You knew the following spells:

 Your Spells              Type           Power        Failure   Level  Hunger
a - Airstrike             Air            ####......   7%          4    #......
b - Ensorcelled Hibernat  Hex/Ice        #####.       1%          2    None
c - Confuse               Hex            ######..     1%          3    None
d - Tukima's Dance        Hex            ######..     1%          3    None
e - Dazzling Flash        Conj/Hex       ######       1%          3    None
f - Confusing Touch       Hex            ######       1%          1    None
g - Ozocubu's Armour      Chrm/Ice       ####....     4%          3    None
h - Statue Form           Tmut/Erth      ######...    5%          6    ######.
i - Passwall              Tmut/Erth      ######..     1%          2    None
j - Sticks to Snakes      Tmut           ######..     1%          2    None
k - Iron Shot             Conj/Erth      ######....   21%         6    ######.

Your spell library contained the following spells:

 Spells                   Type           Power        Failure   Level  Hunger
 Beastly Appendage        Tmut           ######       1%          1    None
 Corona                   Hex            ######.      1%          1    None
 Foxfire                  Conj/Fire      ####         1%          1    None
 Infusion                 Chrm           ####         1%          1    None
 Sandblast                Erth           ######       1%          1    None
 Shock                    Conj/Air       ####         1%          1    None
 Song of Slaying          Chrm           #####...     1%          2    None
 Swiftness                Chrm/Air       ####....     1%          2    None
 Freeze                   Ice            ###.         2%          1    None
 Corpse Rot               Necr/Air       N/A          3%          2    None
 Shroud of Golubria       Chrm/Tloc      ###...       3%          2    None
 Sublimation of Blood     Necr           ##........   9%          2    None
 Inner Flame              Hex/Fire       #####...     1%          3    None
 Spectral Weapon          Hex/Chrm       ######..     1%          3    None
 Spider Form              Tmut/Pois      #####.....   1%          3    None
 Static Discharge         Conj/Air       #####...     1%          3    None
 Stone Arrow              Conj/Erth      ######       1%          3    None
 Petrify                  Tmut/Erth      ######..     1%          4    #......
 Blade Hands              Tmut           ######....   1%          5    ####...
 Irradiate                Conj/Tmut      ######....   1%          5    ####...
 Lee's Rapid Deconstruct  Erth           ######....   1%          5    ####...
 Yara's Violent Unravell  Hex/Tmut       ######....   1%          5    ####...
 Ice Form                 Ice/Tmut       #####...     2%          4    #......
 Hydra Form               Tmut           ######....   2%          6    ######.
 Conjure Flame            Conj/Fire      ####....     3%          3    None
 Hailstorm                Conj/Ice       ####....     9%          4    #......
 Metabolic Englaciation   Hex/Ice        #####.....   10%         5    ####...
 Sticky Flame             Conj/Fire      ####....     12%         4    #......
 Iskenderun's Battlesphe  Conj/Chrm      #####...     12%         5    ####...
 Lightning Bolt           Conj/Air       #####.....   12%         5    ####...
 Bolt of Magma            Conj/Fire/Erth #####.....   13%         5    ####...
 Dragon Form              Tmut           ######....   16%         7    #######
 Gell's Gravitas          Tloc           ##........   17%         3    None
 Fireball                 Conj/Fire      ####......   34%         5    ####...
 Summon Ice Beast         Ice/Summ       ###.....     36%         4    #......
 Eringya's Noxious Bog    Tmut/Pois      #####.....   43%         6    ######.
 Excruciating Wounds      Chrm/Necr      ###.......   50%         5    ####...
 Freezing Cloud           Conj/Ice/Air   ####......   77%         6    ######.
 Agony                    Necr           ##......     83%         5    ####...
 Dispel Undead            Necr           ##......     83%         5    ####...
 Summon Forest            Summ/Tloc      ##........   83%         5    ####...
 Orb of Destruction       Conj           #####.....   92%         7    #######
 Ozocubu's Refrigeration  Ice            ###.......   99%         6    ######.
 Simulacrum               Ice/Necr       ###.......   99%         6    ######.
 Haunt                    Necr/Summ      ##........   100%        7    #######
 Spellforged Servitor     Conj/Summ      ####......   100%        7    #######
 Summon Hydra             Summ           ##........   100%        7    #######
 Borgnjor's Revivificati  Necr           ##........   100%        8    #######
 Death's Door             Chrm/Necr      ###.......   100%        8    #######
 Infestation              Necr           ##........   100%        8    #######
 Necromutation            Tmut/Necr      #####.....   100%        8    #######


Dungeon Overview and Level Annotations

Branches:
Dungeon (15/15)            Temple (1/1) D:6            Lair (6/6) D:11
 Shoals (4/4) Lair:3        Snake (4/4) Lair:2        Slime (0/5) Lair:6
    Orc (2/2) D:9             Elf (0/3) Orc:2        Vaults (0/5) D:13
 Depths (0/5) D:15          IceCv (visited)

Altars:
Ashenzari
Cheibriados
Dithmenos
Elyvilon
Fedhas
Gozag
Hepliaklqana
Kikubaaqudgha
Makhleb
Nemelex Xobeh
Okawaru
Qazlal
Ru
Sif Muna
Trog
Uskayaw
Vehumet
Xom
Yredelemnul
Zin
The Shining One
Jiyva

Shops:
D:8 [   D:10 (   D:13 (   Orc:2 ?}*!   Lair:2 *   Lair:4 :

Portals:
Trove: D:14 (give +5 fire dragon scales)

Annotations:
D:7 1 runed translucent door, Essalna's ghost, novice GnAM
Shoals:3 3 runed translucent doors, Ditekul's ghost, adept GrFi; Fytigg's ghost, journeyman CeFi; dricus's ghost, adept TeBe


Innate Abilities, Weirdness & Mutations

You are very small and have problems with some larger weapons.
You are too small for most types of armour.
You have supernaturally acute eyesight. (SInv)
You are a herbivore.
You cover ground extremely quickly.
You need to consume almost no food.


Message History

The merfolk javelineer resists.
The manticore seems to slow down.
The water nymph seems to slow down.
You block the merfolk javelineer's attack.
The manticore becomes distracted by the nearby gold, dreaming of imaginary riches.
The merfolk javelineer becomes distracted by the nearby gold, dreaming of imaginary riches.
There is an open door here.
You see here 10 gold pieces.
You hear a splash.
You reach down and close the door, pushing everything out of the way.
You start resting.
A water nymph opens the door.
Casting: Confusing Touch (safe; 1% risk of failure)
Confirm with . or Enter, or press ? or * to list all spells.
Your hands begin to glow red.
The water nymph's watery aura covers the open door.
You barely miss the water nymph.
The water nymph gestures at you while chanting.
The water rises up and strikes you!!
You die...
Your body crumbles into a pile of gold.

≈≈≈≈≈≈≈#####≈≈≈......
≈≈≈≈≈≈P≈≈≈≈≈≈$≈.......
≈≈≈≈≈≈P≈≈≈≈≈≈........PP
≈≈≈≈≈≈≈≈≈≈≈≈≈..........
≈≈≈≈H≈≈≈≈≈≈≈≈.........#
≈≈≈≈≈≈≈≈≈≈≈≈≈≈.......##
≈≈≈≈≈≈≈≈≈≈^≈≈≈PP....≈#≈
≈≈≈≈≈##m##≈P≈≈≈..P..≈#≈
≈≈≈ ##@$≈##P≈P≈P.P..≈#≈
≈ #≈≈≈≈≈#≈P≈≈≈....≈##
#≈≈)≈≈#P≈≈P≈.....≈#
#≈≈≈≈≈#≈≈≈≈≈P.....P
##≈(≈##≈≈P≈≈≈....).
#####≈≈P≈##'##.≈≈≈
≈≈≈≈≈##...##≈≈≈
≈≈P≈.#.....#≈≈≈
≈....'.....#≈≈≈


You could see a water nymph.

Vanquished Creatures
  Frances (D:13)
  Kirke (Snake:4)
  A tengu reaver (D:13)
  The ghost of Napalmbreeze the Severer, a journeyman DDGl of Makhleb (Snake:3)
  5 nagarajas (Snake:4)
  2 orc warlords
  Ilsuiw (Shoals:3)
  Aizul (Snake:4)
  An ironheart preserver (D:13)
  2 entropy weavers (Lair:4)
  A dire elephant (Lair:4)
  A deep elf annihilator (D:13)
  3 merfolk javelineers
  Snorg (Orc:2)
  A fire dragon (Lair:6)
  11 merfolk impalers
  A yaktaur captain (D:15)
  Harold (D:7)
  3 hydras
  16 naga warriors
  7 anacondas
  4 merfolk avatars
  9 centaur warriors
  An alligator snapping turtle (Shoals:3)
  A death knight (D:12)
  A catoblepas (Lair:6)
  17 two-headed ogres
  3 ogre magi
  A satyr (Shoals:3)
  7 merfolk aquamancers
  2 tengu warriors
  5 death yaks (Lair:6)
  A deep troll earth mage (D:13)
  A queen ant (Lair:4)
  6 naga sharpshooters
  5 shock serpents
  2 salamander mystics
  A skeletal warrior (D:12)
  3 unseen horrors
  A flayed ghost (D:14)
  2 deep trolls (Orc:2)
  16 sea snakes
  A lindwurm (Lair:6)
  An orc knight (Orc:2)
  A wizard (D:14)
  15 harpies
  8 naga ritualists
  5 mana vipers (Snake:4)
  18 manticores
  2 deep elf magi
  16 ugly things
  13 fauns
  A wolf spider zombie (D:13)
  7 cyclopes
  11 salamanders
  11 elephants (Lair:4)
  Maurice (D:13)
  18 merfolk sirens
  3 gargoyles
  11 guardian serpents (Snake:4)
  2 molten gargoyles (Lair:6)
  2 ice statues (IceCv)
  16 naga magi
  46 black mambas
  6 spiny frogs
  6 water nymphs
  13 komodo dragons
  2 rime drakes
  2 yaktaurs
  2 efreet
  3 kobold demonologists
  13 ice devils
  A freezing wraith (D:12)
  A tengu conjurer (D:13)
  4 wind drakes
  39 merfolk
  A queen bee (shapeshifter) (D:15)
  A wind drake (shapeshifter) (D:15)
  13 trolls
  A polar bear (Lair:5)
  9 slime creatures
  11 hippogriffs
  2 hornets
  A hippogriff (shapeshifter) (D:13)
  9 snapping turtles
  12 water elementals
  2 shadows
  A spriggan (Lair:3)
  A centaur simulacrum (D:13)
  30 yaks
  8 wyverns
  6 wraiths
  4 fire elementals (D:13)
  4 basilisks
  A hungry ghost (D:14)
  5 vampire mosquitoes
  A steam dragon (Lair:6)
  17 soldier ants
  42 nagas
  3 wargs
  6 hell hounds
  18 water moccasins
  A water moccasin (shapeshifter) (D:13)
  2 porcupines
  3 eyes of draining
  5 ice beasts
  4 sky beasts
  A necrophage (D:9)
  17 orc warriors
  25 ogres
  4 phantoms
  11 centaurs
  11 crocodiles
  17 bullfrogs
  2 big kobolds
  A wyvern zombie (D:6)
  A scorpion (shapeshifter) (D:13)
  5 scorpions
  19 killer bees
  4 wights (D:12)
  2 electric eels
  3 howler monkeys
  5 lava snakes (Lair:6)
  2 bullfrog zombies
  14 crimson imps
  5 centaur zombies
  7 hounds
  A quasit (D:9)
  6 jellies
  12 orc priests
  22 orc wizards
  5 centaur skeletons
  3 iguanas
  A bullfrog skeleton (D:10)
  Terence (D:3)
  29 worker ants
  Natasha (thrice) (D:2)
  A hound zombie (D:5)
  2 hound skeletons
  3 gnolls (D:2)
  23 adders
  5 shadow imps
  7 white imps
  7 ufetubi (IceCv)
  3 oozes
  2 adder zombies
  An adder skeleton (D:6)
  A worm (D:5)
  A dart slug (D:2)
  5 leopard geckos
  109 orcs
  A ball python (Lair:2)
  4 giant cockroaches
  5 goblins
  3 hobgoblins
  10 jackals
  A quokka (D:6)
  9 bats
  6 frilled lizards
  A jackal skeleton (D:7)
  A jackal zombie (D:6)
  19 kobolds
  7 rats
  A fungus (Lair:6)
  A plant (Shoals:4)
1154 creatures vanquished.

Vanquished Creatures (collateral kills)
  Azrael (D:13)
  2 merfolk impalers
  2 two-headed ogres
  A tengu warrior (D:13)
  A salamander (Snake:2)
  A slime creature (D:13)
  A fire elemental (D:13)
  2 nagas (Snake:1)
  3 orc warriors
  2 ogres (D:13)
  A killer bee (D:13)
  2 howler monkeys (D:12)
  2 orc wizards (D:11)
  A worker ant (D:14)
  6 orcs
28 creatures vanquished.

Vanquished Creatures (others)
  A reaper (IceCv)
  2 naga sharpshooters (Snake:4)
  2 fauns (Shoals:2)
  A manticore (Shoals:1)
  A naga mage (Snake:3)
  A slime creature (D:13)
  13 dancing weapons
  3 white imps (IceCv)
  3 ufetubi (IceCv)
  58 fungi
  19 plants
104 creatures vanquished.

Grand Total: 1286 creatures vanquished

Notes
Turn   | Place    | Note
-------+----------+-------------------------------------------
     0 | D:1      | MrRokkomies the Spriggan Enchanter began the quest for the
                  | Orb.
     0 | D:1      | Reached XP level 1. HP: 9/9 MP: 5/5
   644 | D:1      | Reached XP level 2. HP: 13/13 MP: 6/6
   648 | D:1      | Learned a level 2 spell: Ensorcelled Hibernation
  1227 | D:2      | Reached XP level 3. HP: 13/16 MP: 8/8
  1457 | D:2      | Reached skill level 5 in Stealth
  1468 | D:2      | Noticed Natasha
  1470 | D:2      | Found a faded altar of an unknown god.
  1496 | D:2      | Killed Natasha
  1496 | D:2      | Reached XP level 4. HP: 5/21 MP: 5/9
  1631 | D:2      | Noticed Natasha
  1640 | D:2      | Learned a level 3 spell: Confuse
  1641 | D:2      | Killed Natasha
  1948 | D:2      | Found a sparkling altar of Nemelex Xobeh.
  2262 | D:2      | Reached skill level 5 in Hexes
  2666 | D:2      | Noticed Natasha
  2675 | D:2      | Killed Natasha
  2675 | D:2      | Reached XP level 5. HP: 24/24 MP: 10/10
  2845 | D:2      | Learned a level 3 spell: Tukima's Dance
  3373 | D:3      | Found a shadowy altar of Dithmenos.
  3386 | D:3      | Noticed Terence
  3420 | D:3      | Killed Terence
  4035 | D:3      | Reached XP level 6. HP: 17/28 MP: 11/11
  4047 | D:3      | Found a hide-covered altar of Uskayaw.
  4272 | D:3      | Found a stormy altar of Qazlal.
  4979 | D:4      | Reached skill level 5 in Dodging
  5178 | D:5      | Entered Level 5 of the Dungeon
  5179 | D:5      | Upgraded the game from 0.25-a0-356-g7c9d860b3b to
                  | 0.25-a0-362-g90ccd6aac3
  5197 | D:5      | Reached XP level 7. HP: 19/32 MP: 9/12
  5455 | D:5      | Reached skill level 5 in Short Blades
  6176 | D:5      | Found an iron altar of Okawaru.
  6241 | D:5      | Reached XP level 8. HP: 36/36 MP: 13/13
  6379 | D:5      | Learned a level 3 spell: Dazzling Flash
  6866 | D:6      | Found a burning altar of Makhleb.
  6921 | D:6      | Found a basalt altar of Yredelemnul.
  7950 | D:6      | Found a staircase to the Ecumenical Temple.
  8060 | Temple   | Entered the Ecumenical Temple
  8179 | Temple   | Became a worshipper of Gozag Ym Sagoz the Greedy
  8406 | D:6      | Found a white marble altar of Elyvilon.
  8577 | D:7      | Found a runed translucent door.
  8577 | D:7      | Noticed Essalna's ghost (novice GnAM)
  8788 | D:7      | Reached XP level 9. HP: 39/39 MP: 14/14
  9008 | D:7      | Noticed Harold
  9026 | D:7      | Killed Harold
  9026 | D:7      | Reached skill level 10 in Hexes
  9031 | D:7      | Learned a level 1 spell: Confusing Touch
  9460 | D:8      | Noticed a two-headed ogre
  9472 | D:9      | Reached skill level 1 in Evocations
  9610 | D:9      | Reached skill level 10 in Stealth
  9651 | D:9      | Reached XP level 10. HP: 28/44 MP: 13/15
  9880 | D:9      | Found a sparkling altar of Nemelex Xobeh.
 10007 | D:9      | Noticed a brown ugly thing
 10029 | D:9      | Killed a brown ugly thing
 10233 | D:8      | Found a shattered altar of Ashenzari.
 10307 | D:8      | Killed a two-headed ogre
 11222 | D:9      | Found a staircase to the Orcish Mines.
 11608 | D:10     | Entered Level 10 of the Dungeon
 11608 | D:10     | Noticed an unseen horror
 11621 | D:10     | Killed an unseen horror
 11621 | D:10     | Reached skill level 10 in Short Blades
 11746 | D:10     | Noticed a two-headed ogre
 11748 | D:10     | Killed a two-headed ogre
 11748 | D:10     | Reached skill level 1 in Fighting
 12085 | D:10     | Reached skill level 5 in Evocations
 12161 | D:10     | Reached XP level 11. HP: 43/51 MP: 3/17
 12361 | D:10     | Learned a level 3 spell: Ozocubu's Armour
 13109 | D:10     | Bought a dazzling hunting sling for 188 gold pieces
 13109 | D:10     | Bought a runed rapier for 203 gold pieces
 13110 | D:10     | Identified the +7 hunting sling "Guocuum" {speed, rElec rF+
                  | MR- Stlth+} (You bought it in a shop on level 10 of the
                  | Dungeon)
 13473 | D:8      | Found a snail-covered altar of Cheibriados.
 13473 | D:8      | Found an ancient bone altar of Kikubaaqudgha.
 13473 | D:8      | Found a shadowy altar of Dithmenos.
 13708 | D:8      | Found a shimmering blue altar of Sif Muna.
 13771 | D:8      | Reached skill level 1 in Slings
 14985 | D:11     | Noticed a two-headed ogre
 14990 | D:11     | Found a staircase to the Lair.
 15049 | D:11     | Killed a two-headed ogre
 15206 | D:11     | Noticed a red ugly thing
 15213 | D:11     | Killed a red ugly thing
 15213 | D:11     | Reached skill level 5 in Spellcasting
 15243 | D:11     | Identified a scroll of acquirement
 15579 | D:11     | Noticed a two-headed ogre
 15594 | D:11     | Killed a two-headed ogre
 16385 | Lair:1   | Entered Level 1 of the Lair of Beasts
 16408 | Lair:1   | Reached skill level 5 in Slings
 16625 | Lair:1   | Reached skill level 5 in Fighting
 16760 | Lair:1   | Reached skill level 10 in Dodging
 17585 | Lair:2   | Reached XP level 12. HP: 42/60 MP: 22/22
 17708 | Lair:2   | Found a frozen archway.
 17741 | Lair:2   | HP: 3/60 [ice devil (14)]
 17881 | IceCv    | Entered an ice cave
 17981 | IceCv    | Killed a reaper
 19037 | IceCv    | Learned a level 4 spell: Airstrike
 19668 | Lair:2   | Found a staircase to the Snake Pit.
 19675 | Lair:2   | Reached skill level 1 in Air Magic
 20488 | Lair:2   | Reached skill level 1 in Charms
 21331 | Lair:3   | Found a staircase to the Shoals.
 22050 | Lair:4   | Noticed a queen ant
 22067 | Lair:4   | Killed a queen ant
 22067 | Lair:4   | Reached XP level 13. HP: 43/67 MP: 20/24
 22069 | Lair:4   | Reached skill level 1 in Shields
 22069 | Lair:4   | Reached skill level 10 in Slings
 22075 | Lair:4   | Noticed an entropy weaver
 22577 | Lair:4   | Noticed a dire elephant
 22704 | Lair:4   | Killed a dire elephant
 23188 | Lair:4   | Noticed an entropy weaver
 23209 | Lair:4   | Killed an entropy weaver
 23209 | Lair:4   | Reached skill level 5 in Charms
 23693 | Lair:4   | Killed an entropy weaver
 24283 | Lair:4   | Bought a book of Transfigurations for 605 gold pieces
 24290 | Lair:4   | Learned a level 6 spell: Statue Form
 25085 | Lair:6   | Entered Level 6 of the Lair of Beasts
 25092 | Lair:6   | Found a staircase to the Slime Pits.
 25092 | Lair:6   | Found a viscous altar of Jiyva.
 25686 | Lair:6   | Reached skill level 5 in Air Magic
 25731 | Lair:6   | Reached skill level 1 in Ice Magic
 26040 | Lair:6   | Found a burning altar of Makhleb.
 26698 | Lair:6   | Reached skill level 1 in Transmutations
 26898 | Lair:6   | Found a large runed translucent door.
 27150 | Lair:6   | Found a large runed translucent door.
 27305 | Lair:6   | Reached XP level 14. HP: 64/72 MP: 18/25
 27975 | Orc:1    | Entered Level 1 of the Orcish Mines
 27980 | Orc:1    | You fall into a shaft and drop 1 floor!
 27980 | Orc:2    | Entered Level 2 of the Orcish Mines
 28098 | Orc:2    | Found a staircase to the Elven Halls.
 28837 | Orc:1    | Noticed an orc warlord
 28899 | Orc:1    | Killed an orc warlord
 29333 | Orc:2    | Found Faumn's Distillery.
 29337 | Orc:2    | Found Nuimm's General Store.
 29342 | Orc:2    | Reached skill level 5 in Transmutations
 29398 | Orc:2    | Noticed an orc warlord
 29405 | Orc:2    | Noticed Snorg
 29489 | Orc:2    | Killed Snorg
 29520 | Orc:2    | Killed an orc warlord
 29520 | Orc:2    | Reached skill level 5 in Shields
 29520 | Orc:2    | Reached skill level 1 in Earth Magic
 30173 | Orc:2    | Found Bubikor's Gadget Boutique.
 30212 | Orc:2    | Found Jusur's Magic Scroll Emporium.
 30672 | Orc:2    | Bought a sack of spiders for 200 gold pieces
 30672 | Orc:2    | Bought a wand of digging (5) for 180 gold pieces
 30672 | Orc:2    | Bought a phial of floods for 400 gold pieces
 30672 | Orc:2    | Bought a wand of iceblast (9) for 130 gold pieces
 30672 | Orc:2    | Bought a phantom mirror for 300 gold pieces
 32798 | D:13     | Found Xebos's Antique Weapon Emporium.
 32807 | D:13     | Bought an ichor-stained short sword for 216 gold pieces
 32807 | D:13     | Identified the +8 short sword of Queneump {speed, Str+4
                  | Int+3} (You bought it in a shop on level 13 of the Dungeon)
 33306 | D:13     | Noticed Azrael
 33340 | D:13     | Killed Azrael
 33340 | D:13     | Reached XP level 15. HP: 29/77 MP: 3/26
 34459 | D:13     | Noticed Frances
 34530 | D:13     | Noticed a tengu reaver
 34893 | D:13     | Identified the +2 long sword of the Volcano {slice, +Blink
                  | +Rage rElec rN+ SInv}
 34948 | D:13     | Killed Frances
 34948 | D:13     | Reached skill level 5 in Earth Magic
 35306 | D:8      | Bought the +4 skin of Zhor {Hibernate rC+++ SInv} for 2261
                  | gold pieces
 35306 | D:8      | Found the +4 skin of Zhor {Hibernate rC+++ SInv}
 35425 | D:13     | Killed a tengu reaver
 35840 | D:13     | Noticed Maurice
 35848 | D:13     | Killed Maurice
 35943 | D:13     | Found a gate to the Vaults.
 37334 | D:14     | Found a portal to a secret trove of treasure.
 38393 | D:15     | Entered Level 15 of the Dungeon
 39125 | D:15     | Found a staircase to the Depths.
 39128 | D:15     | Reached skill level 10 in Fighting
 39465 | D:15     | Reached XP level 16. HP: 85/85 MP: 27/27
 39812 | D:15     | Found a blossoming altar of Fedhas.
 40227 | D:14     | Reached skill level 10 in Evocations
 40573 | D:14     | Got a crystal rapier
 40574 | D:14     | Identified the +4 rapier of Biseroi {pierce, rElec Int+4
                  | Stlth+} (You found it on level 14 of the Dungeon)
 40716 | Lair:1   | Learned a level 2 spell: Passwall
 40719 | Lair:1   | Learned a level 2 spell: Sticks to Snakes
 41320 | Snake:1  | Entered Level 1 of the Snake Pit
 44277 | Snake:1  | Upgraded the game from 0.25-a0-362-g90ccd6aac3 to
                  | 0.25-a0-365-g7600c65aa0
 44797 | Snake:2  | You fall into a shaft and drop 1 floor!
 46467 | Snake:3  | Found a runed translucent door.
 46473 | Snake:3  | Noticed Napalmbreeze's ghost (journeyman DDGl)
 46520 | Snake:3  | Killed Napalmbreeze's ghost
 46520 | Snake:3  | Reached skill level 10 in Earth Magic
 47636 | Snake:4  | Entered Level 4 of the Snake Pit
 47707 | Snake:4  | Reached skill level 10 in Transmutations
 48204 | Snake:4  | Reached XP level 17. HP: 68/89 MP: 26/28
 48721 | Snake:4  | Reached skill level 15 in Dodging
 49095 | Snake:4  | Reached skill level 1 in Conjurations
 49784 | Snake:4  | Noticed Aizul
 49807 | Snake:4  | Killed Aizul
 52146 | Snake:4  | Got a serpentine rune of Zot
 52213 | Snake:4  | HP: 4/89 [naga sharpshooter/bolt (30)]
 52691 | Snake:4  | Noticed Kirke
 52707 | Snake:4  | Killed Kirke
 52975 | Lair:2   | Bought a scroll of teleportation for 99 gold pieces
 52975 | Lair:2   | Bought 2 potions of curing for 198 gold pieces
 52975 | Lair:2   | Bought a scroll of identify for 66 gold pieces
 53028 | Shoals:1 | Entered Level 1 of the Shoals
 54983 | Shoals:2 | Reached XP level 18. HP: 85/93 MP: 28/32
 55008 | Shoals:1 | Reached skill level 5 in Conjurations
 55624 | Shoals:2 | Learned a level 6 spell: Iron Shot
 56370 | Shoals:3 | Found a runed translucent gate.
 56370 | Shoals:3 | Found a runed translucent gate.
 56370 | Shoals:3 | Found a runed translucent gate.
 56370 | Shoals:3 | Noticed Ditekul's ghost (adept GrFi)
 56370 | Shoals:3 | Noticed Fytigg's ghost (journeyman CeFi)
 56371 | Shoals:3 | Noticed dricus's ghost (adept TeBe)
 57304 | Shoals:3 | Reached skill level 10 in Spellcasting
 57592 | Shoals:3 | Noticed Ilsuiw
 57656 | Shoals:3 | Killed Ilsuiw
 58544 | Shoals:4 | Entered Level 4 of the Shoals
 58544 | Shoals:4 | Found Casixoiz's Food Emporium.
 58553 | Shoals:4 | Bought a ration for 50 gold pieces
 58553 | Shoals:4 | Bought a ration for 50 gold pieces
 58553 | Shoals:4 | Bought a ration for 50 gold pieces
 58553 | Shoals:4 | Bought a ration for 50 gold pieces
 58553 | Shoals:4 | Bought a ration for 50 gold pieces
 58553 | Shoals:4 | Bought a ration for 50 gold pieces
 58553 | Shoals:4 | Bought a ration for 50 gold pieces
 58553 | Shoals:4 | Bought a ration for 50 gold pieces
 58553 | Shoals:4 | Bought a ration for 50 gold pieces
 58553 | Shoals:4 | Bought a ration for 50 gold pieces
 58553 | Shoals:4 | Bought a ration for 50 gold pieces
 59753 | Shoals:4 | Reached skill level 15 in Stealth
 60213 | Shoals:4 | Identified the +5 trident of Integrity {antimagic, +Inv
                  | Int+3}
 60418 | Shoals:4 | Killed from afar by a water nymph

Levels and vault maps discovered:
D:1:      evilmike_arrival_plus, layout_basic
D:2:      layout_loops_corners, chequers_ecumenical_altar_simple_redux,
          first_ration, nemelex_dance_club_becter, uniq_natasha
D:3:      layout_rooms, lemuel_doored_altar, nicolae_qazlal_eye_of_the_storm,
          grunt_dithmenos_smoke, uniq_terence
D:4:      layout_basic, st_stairs_14
D:5:      layout_basic, kennysheep_little_box
D:6:      layout_cave_pools, kennysheep_ying_yang, old_standard_altar,
          nicolae_overflow_hidden_temple, minmay_temple_entry_statues_pillars
D:7:      layout_basic, ebering_ghost_reflecting_pool, grunt_ogre_cave,
          uniq_harold
D:8:      layout_rooms, led_sif_pool, old_standard_altar, minitemple
D:9:      layout_long_grid, nemelex_xobeh_ov_fountains_minmay, hiddenorc2_lemuel
D:10:     layout_roguey, minmay_starry_boxes
D:11:     layout_basic, lair_entry_dummy
D:12:     layout_roguey, minmay_nine_imps
D:13:     evilmike_diamond_1, layout_irregular_city,
          skrybe_vaults_entry_preservation, serial_shops, kennysheep_mini_moat,
          uniq_azrael, uniq_maurice, uniq_frances
D:14:     minmay_isolated_rectangles_in_corner, layout_loops_cross,
          enter_trove_0, minmay_tree_intersection
D:15:     grunt_enter_depths_snipers, layout_irregular_city, lemuel_tele_altar,
          minmay_misc_feat_encased
Temple:   nicolae_temple_figure_zero
Lair:1:   layout_hall_layers, serial_bayou_lagoon_a, lemuel_fruit_tree
Lair:2:   layout_cave_pods, minmay_snake_entry_six_corridors,
          portal_ice_cave_demonic_guard, serial_bayou_shore_a,
          grunt_megastairs_5
Lair:3:   layout_roguey, elwin_shoals_entry_rooms
Lair:4:   mu_elephants_graveyard, layout_layer_cave, zaba_antful_of_joy
Lair:5:   layout_gridlike, serial_forest, infiniplex_forest_clump_long,
          infiniplex_forest_straight_1, infiniplex_forest_end_1,
          infiniplex_forest_end_3, infiniplex_forest_straight_2
Lair:6:   cheibrodos_lair_end_hotspot, layout_layer_cave, slime_altar_1,
          basic_altar
Shoals:1: layout_shoals, nicolae_shoals_flooded_hall
Shoals:2: layout_shoals, st_sunken_huts
Shoals:3: layout_shoals, gammafunk_ghost_cemetery, nicolae_shoals_hunting_party,
          uniq_ilsuiw
Shoals:4: shoals_end_simple, layout_shoals, serial_shops, shop_fountains
Snake:1:  layout_layer_cave, guppyfry_library_mini
Snake:2:  layout_cave_pods
Snake:3:  layout_rooms, ebering_ghost_reflecting_pool, minmay_snake_pond
Snake:4:  grunt_snake_rune_pools, layout_cave_town, serial_bayou_shore_b,
          uniq_kirke, uniq_aizul
Orc:1:    layout_caves, minmay_orc_barracks
Orc:2:    st_orc_open, layout_caves, uniq_snorg

Skill      XL: |  1  2  3  4  5  6  7  8  9 10 11 12 13 14 15 16 17 18 |
---------------+-------------------------------------------------------+-----
Hexes          | 4 5 6 7 9 10 12 | 12.0
Short Blades   | 2 3 4 5 7 9 10 11 12 | 12.0
Stealth        | 5 6 7 8 10 11 13 15 | 15.0
Dodging        | 4 5 6 7 8 10 11 14 15 | 15.0
Evocations     | 2 5 6 7 9 10 | 10.1
Fighting       | 2 5 7 8 10 | 10.0
Spellcasting   | 3 6 7 9 10 | 10.0
Slings         | 6 9 12 | 12.0
Air Magic      | 3 5 |  5.0
Charms         | 3 5 |  5.1
Shields        | 3 5 6 7 |  7.2
Ice Magic      | 1 |  1.7
Transmutations | 3 9 10 13 14 | 14.0
Earth Magic    | 3 7 10 | 10.8
Conjurations   | 4 7 |  7.4

Action                   |  1- 3 |  4- 6 |  7- 9 | 10-12 | 13-15 | 16-18 || total
-------------------------+-------+-------+-------+-------+-------+-------++-------
Melee: Dagger            |    50 |   250 |   338 |  1089 |   334 |       ||  2061
       Short sword       |       |       |       |    63 |  1389 |  2096 ||  3548
 Fire: Hunting sling     |       |       |       |   116 |   563 |  1605 ||  2284
Throw: Stone             |       |     1 |       |       |       |       ||     1
       Throwing net      |       |       |     1 |       |       |       ||     1
       Dart              |       |       |       |    31 |    26 |     7 ||    64
 Cast: Ensorcelled Hiber |    17 |    22 |    38 |   138 |    63 |    62 ||   340
       Confuse           |       |     8 |    22 |    39 |    42 |    31 ||   142
       Dazzling Flash    |       |       |     1 |     2 |     4 |    15 ||    22
       Tukima's Dance    |       |       |       |    20 |    37 |    57 ||   114
       Confusing Touch   |       |       |       |    23 |    34 |    73 ||   130
       Ozocubu's Armour  |       |       |       |     2 |     1 |     1 ||     4
       Corona            |       |       |       |     1 |       |       ||     1
       Airstrike         |       |       |       |       |     5 |     4 ||     9
       Statue Form       |       |       |       |       |       |     1 ||     1
Invok: Call Merchant     |       |       |       |     1 |     2 |     1 ||     4
       Potion Petition   |       |       |       |     2 |       |     1 ||     3
Evoke: Wand              |       |       |     1 |    10 |    16 |     8 ||    35
       Lamp of fire      |       |       |       |     1 |       |     1 ||     2
       Sack of spiders   |       |       |       |       |     1 |       ||     1
       Phantom mirror    |       |       |       |       |     1 |       ||     1
       Fan of gales      |       |       |       |       |       |     1 ||     1
  Use: Scroll            |     1 |     7 |     5 |    16 |     9 |     2 ||    40
       Potion            |     1 |       |     1 |     2 |     1 |     6 ||    11
 Stab: Sleeping          |     9 |    26 |    37 |    96 |    62 |    58 ||   288
       Confused          |       |     4 |    10 |    44 |    67 |   133 ||   258
       Distracted        |       |     2 |     2 |     7 |     8 |    16 ||    35
       Invisible         |       |       |     8 |     4 |     1 |    17 ||    30
       Held in net/web   |       |       |     2 |       |       |     2 ||     4
       Petrified         |       |       |       |       |     1 |       ||     1
       Paralysed         |       |       |       |       |     2 |       ||     2
  Eat: Ration            |       |     2 |     5 |    10 |    11 |    12 ||    40
Armor: Robe              |     3 |    22 |    17 |    31 |    27 |       ||   100
       Animal skin       |       |       |       |       |    16 |    65 ||    81
       Skin              |       |       |       |       |       |    13 ||    13
Dodge: Dodged            |    47 |   211 |   245 |   672 |   741 |   818 ||  2734
Block: Buckler           |       |       |       |     7 |   295 |   532 ||   834
       Reflection        |       |       |       |       |       |    86 ||    86

Table legend:
 A = Non-vault XP
 B = Vault XP
 C = Vault XP percentage of total XP
 D = Non-vault monster count
 E = Vault monster count
 F = Vault count percentage of total count
                 A         B        C        D         E       F
            +---------+---------+-------+---------+---------+-------
      Total |  203751 |  154410 |  43.1 |     770 |     415 |  35.0
            +---------+---------+-------+---------+---------+-------
        D:1 |      16 |       0 |   0.0 |       7 |       0 |   0.0
        D:2 |     224 |      45 |  16.7 |      30 |       3 |   9.1
        D:3 |      86 |      36 |  29.5 |      31 |       1 |   3.1
        D:4 |     218 |      39 |  15.2 |       9 |       1 |  10.0
        D:5 |    1265 |       0 |   0.0 |      29 |       0 |   0.0
        D:6 |     619 |       0 |   0.0 |      17 |       0 |   0.0
        D:7 |    1020 |    1118 |  52.3 |      11 |       2 |  15.4
        D:8 |    1646 |       0 |   0.0 |      28 |       0 |   0.0
        D:9 |    2324 |     245 |   9.5 |      28 |      31 |  52.5
       D:10 |    3206 |     648 |  16.8 |      25 |       6 |  19.4
       D:11 |    4849 |       0 |   0.0 |      27 |       0 |   0.0
       D:12 |    6795 |    1292 |  16.0 |      44 |      10 |  18.5
       D:13 |   11840 |   21172 |  64.1 |      47 |      48 |  50.5
       D:14 |    7408 |    7078 |  48.9 |      35 |      16 |  31.4
       D:15 |   13074 |    2335 |  15.2 |      29 |       3 |   9.4
     Lair:1 |    4226 |       0 |   0.0 |      19 |       0 |   0.0
     Lair:2 |    4346 |    2612 |  37.5 |      18 |      16 |  47.1
     Lair:3 |    1871 |    1709 |  47.7 |       9 |       9 |  50.0
     Lair:4 |     916 |   13276 |  93.5 |       4 |      45 |  91.8
     Lair:5 |    2639 |       0 |   0.0 |      10 |       0 |   0.0
     Lair:6 |    6803 |    6186 |  47.6 |      12 |      24 |  66.7
   Shoals:1 |   13359 |    6509 |  32.8 |      32 |      11 |  25.6
   Shoals:2 |   21166 |    3227 |  13.2 |      41 |       6 |  12.8
   Shoals:3 |   18682 |    7500 |  28.6 |      35 |      13 |  27.1
   Shoals:4 |    6034 |   11055 |  64.7 |      15 |      18 |  54.5
    Snake:1 |   15088 |    4152 |  21.6 |      32 |       9 |  22.0
    Snake:2 |    5839 |       0 |   0.0 |      14 |       0 |   0.0
    Snake:3 |   23416 |    3913 |  14.3 |      42 |       5 |  10.6
    Snake:4 |   18585 |   36857 |  66.5 |      37 |      57 |  60.6
      Orc:1 |     899 |    2019 |  69.2 |      12 |      17 |  58.6
      Orc:2 |    5292 |   16686 |  75.9 |      41 |      38 |  48.1
      IceCv |       0 |    4701 | 100.0 |       0 |      26 | 100.0
            +---------+---------+-------+---------+---------+-------
